[Event "Team 45 45 League T42"]
[Site "Internet Chess Club"]
[Date "2009.08.08"]
[Round "1"]
[White "bobhill"]
[Black "Majamutu"]
[Result "0-1"]
[WhiteElo "2040"]
[BlackElo "2046"]
[Opening "King's Indian: Torre attack"]
[ECO "A48"]
[Time "12:00:18"]
[TimeControl "2700+45"]

1. d4 Nf6 2. Nf3 g6 3. Bg5 Bg7 4. Nbd2 d5 5. e3 Nbd7 6. Be2 c6 7. O-O O-O 8. c4
Re8 9. Qb3 Qa5 10. Rac1 Ne4 11. Nb1 Nxg5 12. Nxg5 dxc4 13. Bxc4 Qxg5 14. Bxf7+
Kf8 15. Bxe8 Kxe8 16. Qg8+ Bf8 17. Qxh7 Nf6 18. Qh8 Kf7 19. Nd2 Bg7 20. Nf3
Qxg2+ 21. Kxg2 Bxh8 22. Rg1 Bf5 23. Ne5+ Ke8 24. Kf1 Nd7 25. Nxg6 Bf6 26. Nf4
Kf7 27. Ke2 Rh8 28. Rg2 e5 29. dxe5 Nxe5 30. f3 Ng6 31. Nxg6 Bxg6 32. Rd1 Bf5
33. Rd2 Bh3 34. Rg3 Be6 35. Kd1 Ke7 36. b3 Rh7 37. e4 Be5 38. Rgg2 Bh3 39. Rg1
Be6 40. Kc2 Rh3 41. Rf1 Bf4 42. Rdf2 Kf6 43. Kd3 Ke5 44. Rg1 Kf6 45. Ke2 b6 46.
Rfg2 Rh6 47. Rd1 Rh8 48. Kf2 c5 49. Kg1 a5 50. h4 Be3+ 51. Kh2 Rxh4+ 52. Kg3
Rh3# {White checkmated} 0-1

[Event "Team 45 45 League T42"]
[Site "Internet Chess Club"]
[Date "2009.07.30"]
[Round "1"]
[White "cesaralexander"]
[Black "Beddathanme"]
[Result "1-0"]
[WhiteElo "2037"]
[BlackElo "1854"]
[Opening "Benoni: classical with e4 and Nf3"]
[ECO "A70"]
[Time "22:15:25"]
[TimeControl "2700+45"]

1. d4 Nf6 2. c4 c5 3. d5 e6 4. Nc3 exd5 5. cxd5 d6 6. e4 g6 7. Nf3 Bg7 8. h3 a6
9. a4 O-O 10. Bd3 Re8 11. O-O Nbd7 12. Bf4 Ne5 13. Nxe5 dxe5 14. Be3 Qa5 15. Qc2
Bd7 16. Nb1 Rac8 17. Nd2 Qc7 18. Rfc1 Bf8 19. b4 b6 20. Bxa6 Ra8 21. Bd3 Rec8
22. bxc5 bxc5 23. Nc4 Ne8 24. a5 Bb5 25. Nb6 Bxd3 26. Qxd3 Rxa5 27. Rxa5 Qxb6
28. Rb5 Qc7 29. Bxc5 Nd6 30. Rbb1 Nxe4 31. Bxf8 Qxc1+ 32. Rxc1 Rxc1+ 33. Kh2
Nxf2 34. Qe3 {Black resigns} 1-0

[Event "Team 45 45 League T42"]
[Site "Internet Chess Club"]
[Date "2009.08.02"]
[Round "1"]
[White "markgravitygood"]
[Black "awb"]
[Result "1-0"]
[WhiteElo "1974"]
[BlackElo "1826"]
[Opening "Réti: King's Indian attack, French variation"]
[ECO "C00"]
[Time "15:30:11"]
[TimeControl "2700+45"]

1. e4 e6 2. d3 d5 3. Nd2 c5 4. Ngf3 Nc6 5. g3 Nf6 6. Bg2 Be7 7. O-O O-O 8. Re1
Qc7 9. e5 Nd7 10. Qe2 b6 11. Nf1 Ba6 12. Bf4 Rfc8 13. Ne3 Nf8 14. c4 dxc4 15.
Nxc4 Ng6 16. Bg5 Bxg5 17. Nxg5 Bxc4 18. dxc4 Ngxe5 19. f4 Nd7 20. Bxc6 Qxc6 21.
Qh5 Nf8 22. Qxf7+ Kh8 23. Nxe6 Nxe6 24. Rxe6 Qf3 25. Rae1 Qd3 26. Re8+ {Black
resigns} 1-0

[Event "Team 45 45 League T42"]
[Site "Internet Chess Club"]
[Date "2009.08.01"]
[Round "1"]
[White "fishhead"]
[Black "Portola"]
[Result "1-0"]
[WhiteElo "1917"]
[BlackElo "1727"]
[Opening "French: Tarrasch"]
[ECO "C03"]
[Time "19:01:07"]
[TimeControl "2700+45"]

1. e4 e6 2. d4 d5 3. Nd2 dxe4 4. Nxe4 Be7 5. Nf3 Nf6 6. Bd3 b6 7. Qe2 Bb7 8. Bf4
Nbd7 9. O-O O-O 10. Rad1 Nd5 11. Bc1 Nb4 12. Bc4 Nf6 13. Ng3 Nbd5 14. Ne5 a6 15.
c3 Qc8 16. Bd3 c5 17. c4 Nb4 18. Bb1 cxd4 19. Rxd4 Bc5 20. Rh4 g6 21. Bg5 Be7
22. Ng4 Qc6 23. Nh6+ Kg7 24. f3 Qc5+ 25. Be3 Qc7 26. Kh1 Nc6 27. Rh3 Rad8 28.
Qf2 Bc5 29. Bxc5 bxc5 30. Qxc5 Qf4 31. Qb6 Rd7 32. b3 Rfd8 33. Bc2 Rd2 34. Qxb7
R8d7 35. Qxc6 Rxc2 36. Ng4 Nxg4 37. fxg4 Rf2 38. Rg1 Rd3 39. Nh5+ {Black
forfeits on time} 1-0

[Event "Team 45 45 League T42"]
[Site "Internet Chess Club"]
[Date "2009.08.03"]
[Round "1"]
[White "BraafPaard"]
[Black "CREDITorDEBIT"]
[Result "0-1"]
[WhiteElo "1601"]
[BlackElo "1825"]
[Opening "King's Indian: Averbakh system"]
[ECO "E73"]
[Time "19:00:21"]
[TimeControl "2700+45"]

1. d4 Nf6 2. c4 g6 3. Nc3 Bg7 4. e4 d6 5. Be2 O-O 6. Bg5 Nbd7 7. Nf3 e5 8. dxe5
dxe5 9. Nd5 c6 10. Nxf6+ Bxf6 11. Be3 Qc7 12. O-O a5 13. a4 Bg7 14. Qc2 c5 15.
Ng5 h6 16. Nf3 b6 17. Qd2 Kh7 18. Bd3 Bb7 19. Qc2 Rfd8 20. Nd2 Nf8 21. Rad1 Ne6
22. Nf3 Rd6 23. Bd2 Rad8 24. Bc3 Rxd3 25. Rxd3 Bxe4 26. Rfd1 Nf4 27. Ne1 Bxd3
28. Nxd3 Qd6 29. Kf1 Nxd3 30. Ke2 Nf4+ {White resigns} 0-1

[Event "Team 45 45 League T42"]
[Site "Internet Chess Club"]
[Date "2009.08.02"]
[Round "1"]
[White "kenjr"]
[Black "Despair"]
[Result "0-1"]
[WhiteElo "1898"]
[BlackElo "1952"]
[Opening "Trompowsky attack (Ruth, Opocenský opening)"]
[ECO "A45"]
[Time "20:00:22"]
[TimeControl "2700+45"]

1. d4 Nf6 2. Bg5 Ne4 3. Bf4 Nc6 4. Nd2 Nxd2 5. Qxd2 d6 6. e3 e5 7. dxe5 Nxe5 8.
Bxe5 dxe5 9. Qxd8+ Kxd8 10. O-O-O+ Bd6 11. Nf3 f6 12. Bb5 Be6 13. a3 Ke7 14. Rd2
a6 15. Ba4 b5 16. Bb3 Bxb3 17. cxb3 Rhd8 18. h3 b4 19. a4 Ke6 20. Rhd1 Rd7 21.
Rc2 c5 22. Nd2 Be7 23. Nc4 Rxd1+ 24. Kxd1 Rd8+ 25. Ke2 f5 26. Na5 Rd5 27. f3 Rd7
28. Rd2 Rxd2+ 29. Kxd2 e4 30. f4 h5 31. Nc4 h4 32. Ke2 g5 33. fxg5 Bxg5 34. Kf2
f4 35. exf4 Bxf4 36. Ke2 Kd5 37. Nb6+ Kd4 38. Nc4 Bc1 39. Kd1 Bh6 40. Ke2 Bf4
41. Nb6 Be5 42. Nc4 Kd5 43. Ke3 Bd4+ 44. Ke2 Ke6 45. Nd2 Ke5 46. Nc4+ Kf4 47.
Nb6 Kg3 48. Kf1 Bxb2 49. Nd7 c4 50. bxc4 Bd4 51. c5 b3 52. c6 b2 53. c7 b1=Q+
54. Ke2 Qd3+ {White resigns} 0-1

[Event "Team 45 45 League T42"]
[Site "Internet Chess Club"]
[Date "2009.08.03"]
[Round "1"]
[White "makramkozman"]
[Black "SleepyEyes"]
[Result "1-0"]
[WhiteElo "1727"]
[BlackElo "1756"]
[Opening "Ruy Lopez: old Steinitz defense"]
[ECO "C62"]
[Time "20:07:54"]
[TimeControl "2700+45"]

1. e4 e5 2. Nf3 Nc6 3. Bb5 d6 4. O-O Bg4 5. c3 a6 6. Ba4 b5 7. Bb3 Na5 8. Bc2
Nf6 9. d4 exd4 10. cxd4 Nc6 11. Re1 Be7 12. Be3 O-O 13. Nbd2 Na5 14. h3 Bh5 15.
Nf1 c5 16. Ng3 Bg6 17. a4 Nc4 18. Bc1 b4 19. a5 Nxa5 20. dxc5 dxc5 21. Qe2 Qb6
22. Bg5 Rfe8 23. Ba4 Nc6 24. Qc4 Red8 25. e5 Nd5 26. Bxe7 Ncxe7 27. Ne4 Bxe4 28.
Rxe4 a5 29. Rae1 Nc7 30. e6 Nxe6 31. Rxe6 fxe6 32. Rxe6 Qb7 33. Rxe7+ Qd5 34.
Qxd5+ Rxd5 35. Bb3 a4 36. Bxd5+ {Black resigns} 1-0

[Event "Team 45 45 League T42"]
[Site "Internet Chess Club"]
[Date "2009.07.31"]
[Round "1"]
[White "Spencer"]
[Black "BigH"]
[Result "1-0"]
[WhiteElo "1772"]
[BlackElo "1741"]
[Opening "Sicilian: closed"]
[ECO "B23"]
[Time "15:00:53"]
[TimeControl "2700+45"]

1. e4 c5 2. Nc3 a6 3. f4 b5 4. d3 Bb7 5. Nf3 e6 6. g3 d5 7. exd5 exd5 8. Bg2 Nf6
9. O-O Be7 10. Re1 O-O 11. Bd2 Nbd7 12. Ne2 Re8 13. c3 Qb6 14. d4 c4 15. Qc2 Ne4
16. Ne5 Rad8 17. a4 b4 18. Bxe4 dxe4 19. cxb4 Bxb4 20. Bxb4 Nxe5 21. fxe5 Qxb4
22. Rad1 Bc6 23. Nc3 Qb6 24. Qf2 Qb3 25. d5 Bxa4 26. Rxe4 Qxd1+ 27. Nxd1 Bxd1
28. d6 Bb3 29. Qd4 a5 30. Qd5 a4 31. e6 Rxe6 32. Rxe6 c3 33. Qa5 Rb8 34. d7 fxe6
35. d8=Q+ Rxd8 36. Qxd8+ Kf7 37. Qd7+ Kg6 {Black resigns} 1-0

[Event "Team 45 45 League T42"]
[Site "Internet Chess Club"]
[Date "2009.08.02"]
[Round "1"]
[White "pelayo"]
[Black "jolin54"]
[Result "0-1"]
[WhiteElo "1630"]
[BlackElo "1455"]
[Opening "English: symmetrical, hedgehog system"]
[ECO "A13"]
[Time "11:03:25"]
[TimeControl "2700+45"]

1. Nf3 e6 2. c4 c5 3. g3 b6 4. Bg2 Bb7 5. O-O Nf6 6. Nc3 Be7 7. Re1 d5 8. cxd5
exd5 9. d4 O-O 10. Bf4 Bd6 11. Qd2 a6 12. Bg5 Be7 13. Ne5 Ne4 14. Nxe4 dxe4 15.
Be3 Nd7 16. Nc4 b5 17. Na5 Bd5 18. dxc5 Nxc5 19. Rac1 Rc8 20. Nb3 Bxb3 21. Qxd8
Rfxd8 22. axb3 f5 23. Ra1 Rc6 24. Rec1 Rdc8 25. Bxc5 Bxc5 26. e3 g5 27. Bf1 f4
28. Rc3 Bd6 29. Rxa6 Rxc3 30. bxc3 Be5 31. Re6 Bxc3 32. Rxe4 fxe3 33. Rxe3 b4
34. Bc4+ Kg7 35. Re7+ Kh8 36. Rxh7+ Kxh7 {White resigns} 0-1

[Event "Team 45 45 League T42"]
[Site "Internet Chess Club"]
[Date "2009.07.30"]
[Round "1"]
[White "OOB1"]
[Black "SATELLITE-DAN"]
[Result "0-1"]
[WhiteElo "1518"]
[BlackElo "1735"]
[Opening "Four knights: Scotch, 4...exd4"]
[ECO "C47"]
[Time "23:05:30"]
[TimeControl "2700+45"]

1. e4 e5 2. Nf3 Nc6 3. Nc3 Nf6 4. d4 exd4 5. Nxd4 Bc5 6. Be3 Bb4 7. Nxc6 bxc6 8.
Bg5 h6 9. Bd2 d6 10. Bd3 Bg4 11. Be2 Be6 12. Bf3 O-O 13. O-O Rb8 14. e5 dxe5 15.
Bxc6 Rb6 16. Bf3 Rd6 17. Nd5 Bxd2 18. Nxf6+ Qxf6 19. Qe2 Bf4 20. Rfd1 Rfd8 21.
Qb5 Rxd1+ 22. Rxd1 Rxd1+ 23. Bxd1 Qd8 24. Bf3 Bd7 25. Qc5 e4 26. Bxe4 Bc6 27.
Bd3 Qa8 28. f3 Qe8 29. Kf2 Bd2 30. Be2 a6 31. Qd4 Ba5 32. c4 Qe7 33. a3 Bb6
{White resigns} 0-1

[Event "Team 45 45 League T42"]
[Site "Internet Chess Club"]
[Date "2009.08.03"]
[Round "1"]
[White "alaskauk"]
[Black "EyeAm"]
[Result "0-1"]
[WhiteElo "1508"]
[BlackElo "1515"]
[Opening "Four knights: Italian variation"]
[ECO "C47"]
[Time "13:00:28"]
[TimeControl "2700+45"]

1. e4 e5 2. Nf3 Nf6 3. Nc3 Nc6 4. Bc4 Nxe4 5. Nxe4 d5 6. Bd3 dxe4 7. Bxe4 Bd6 8.
Bxc6+ bxc6 9. h3 e4 10. Nd4 Qg5 11. Qe2 Qxg2 12. Rf1 Bxh3 13. a3 O-O 14. Nxc6 e3
15. Nd4 exf2+ 16. Rxf2 {White resigns} 0-1

[Event "Team 45 45 League T42"]
[Site "Internet Chess Club"]
[Date "2009.08.01"]
[Round "1"]
[White "guyd52"]
[Black "dpmdpm"]
[Result "1-0"]
[WhiteElo "1365"]
[BlackElo "1250"]
[Opening "Réti opening"]
[ECO "A04"]
[Time "18:00:12"]
[TimeControl "2700+45"]

1. Nf3 d6 2. g3 Nf6 3. Bg2 e6 4. O-O Be7 5. d4 Bd7 6. Nbd2 d5 7. c4 dxc4 8. Nxc4
Nc6 9. Re1 O-O 10. e4 b5 11. Nce5 Nxe5 12. Nxe5 Bd6 13. Nxd7 Qxd7 14. e5 Bb4 15.
exf6 Bxe1 16. fxg7 Kxg7 17. Qg4+ Kh8 18. Bg5 f6 19. Bxa8 fxg5 20. Rxe1 Rd8 21.
Bg2 Ra8 22. Bxa8 {Black resigns} 1-0

[Event "Team 45 45 League T42"]
[Site "Internet Chess Club"]
[Date "2009.08.02"]
[Round "1"]
[White "farbror"]
[Black "wekabird"]
[Result "1-0"]
[WhiteElo "1262"]
[BlackElo "1178"]
[Opening "Caro-Kann: exchange variation"]
[ECO "B13"]
[Time "00:00:28"]
[TimeControl "2700+45"]

1. e4 c6 2. d4 d5 3. exd5 cxd5 4. Bd3 e6 5. Nf3 Nf6 6. O-O b6 7. Nc3 Be7 8. Re1
O-O 9. Ne5 Qc7 10. Bf4 a6 11. Ng6 Qd8 12. Nxf8 Bxf8 13. Qf3 Nc6 14. Be5 Nxe5 15.
dxe5 Nd7 16. Bxh7+ Kxh7 17. Qh5+ Kg8 18. Re3 f6 19. Rh3 Nxe5 20. Qh8+ Kf7 21.
Rg3 Bd7 22. Qh5+ Ke7 23. f4 Be8 24. Qe2 Ng6 25. f5 Ne5 26. fxe6 Kxe6 27. Rd1 Bc6
28. Ne4 d4 29. Nf2 Kf7 30. Qh5+ Ke6 31. c3 d3 32. Nxd3 Nxd3 33. Rdxd3 Bd6 34.
Rge3+ Kd7 35. Rxd6+ Kxd6 36. Rd3+ Bd5 37. Rxd5+ Ke7 38. Rxd8 Rxd8 39. Qe2+ Kf8
40. Qxa6 Rd1+ 41. Kf2 Rd2+ 42. Qe2 Rd5 43. Kf3 Rf5+ 44. Kg3 Re5 45. Qg4 g5 46.
Qb4+ Kg7 47. Qxb6 Kg6 48. Qd4 Re2 49. Qd3+ Re4 50. Qxe4+ f5 51. Qc6+ Kh5 52. a4
f4+ 53. Kf3 Kh4 54. g3+ fxg3 55. hxg3+ Kh5 56. g4+ {Black resigns} 1-0

[Event "Team 45 45 League T42"]
[Site "Internet Chess Club"]
[Date "2009.08.01"]
[Round "1"]
[White "juniorVishy"]
[Black "TheronUAL"]
[Result "1-0"]
[WhiteElo "1497"]
[BlackElo "1476"]
[Opening "QGD: exchange variation"]
[ECO "D35"]
[Time "13:04:42"]
[TimeControl "2700+45"]

1. d4 d5 2. c4 Nf6 3. cxd5 e6 4. Nc3 Be7 5. e4 O-O 6. Nf3 exd5 7. e5 Ng4 8. Qc2
c5 9. h3 Nf6 10. exf6 Bxf6 11. dxc5 Qe7+ 12. Be2 Nc6 13. Nxd5 Qd8 14. Nxf6+ Qxf6
15. Bg5 Qe6 16. O-O b6 17. Rad1 Bb7 18. Rfe1 Qc8 19. cxb6 axb6 20. a3 Re8 21.
Bd3 h6 22. Rxe8+ Qxe8 23. Be3 Ne5 24. Nxe5 Qxe5 25. Bd4 Qg5 26. Be4 Rc8 27. Qe2
Bxe4 28. Qxe4 Rc1 29. Rxc1 Qxc1+ 30. Kh2 Qc4 31. Qe5 f6 32. Qe4 b5 33. Qg4 Qc7+
34. Qg3 Qxg3+ 35. Kxg3 Kf7 36. Kf3 Ke6 37. Kg4 g6 38. h4 f5+ 39. Kf4 Kd5 40. Bg7
h5 41. Kg5 Ke4 42. Kxg6 {Black resigns} 1-0

[Event "Team 45 45 League T42"]
[Site "Internet Chess Club"]
[Date "2009.07.29"]
[Round "1"]
[White "drago"]
[Black "rayspokemon"]
[Result "1/2-1/2"]
[WhiteElo "1378"]
[BlackElo "1376"]
[Opening "Four knights: Scotch, 4...exd4"]
[ECO "C47"]
[Time "20:15:09"]
[TimeControl "2700+45"]

1. e4 e5 2. Nf3 Nc6 3. Nc3 Nf6 4. d4 exd4 5. Nxd4 Nxd4 6. Qxd4 d6 7. Qd1 Be6 8.
Bd3 d5 9. exd5 Nxd5 10. Nxd5 Qxd5 11. O-O Bd6 12. Be3 Qe5 13. g3 O-O 14. Re1 b6
15. Bf4 Qd5 16. Bxd6 Qxd6 17. Qe2 Rad8 18. Qe4 g6 19. a3 Qd4 20. Qxd4 Rxd4 21.
Be4 Re8 22. Bc6 Re7 23. c3 Rd2 24. Rab1 Rd6 25. Bf3 Rd3 26. Be2 Rd8 27. Rbd1
Rxd1 28. Rxd1 Bd7 29. Bc4 Kf8 30. Kg2 Ke8 31. Kf3 Bc6+ 32. Bd5 Bxd5+ 33. Rxd5
Rd7 34. Rxd7 Kxd7 35. Ke4 Ke6 36. b4 f5+ 37. Kd4 Kd6 38. c4 c5+ 39. bxc5+ bxc5+
40. Kc3 a5 41. Kb3 Kc6 42. Ka4 Kb6 43. Kb3 Kc6 44. Kc3 a4 45. f4 h6 46. h4 h5
47. Kd3 Kd6 48. Ke3 Ke6 49. Kf3 Kf6 50. Ke3 Ke6 51. Kf3 Kf6 52. Ke3 Ke6 53. Kf2
Kf6 54. Kf3 Ke7 55. Ke3 Ke6 56. Kf3 Kf6 57. Ke3 Ke6 {Game drawn by repetition}
1/2-1/2

[Event "Team 45 45 League T42"]
[Site "Internet Chess Club"]
[Date "2009.07.29"]
[Round "1"]
[White "baseball613"]
[Black "BishopMike"]
[Result "1-0"]
[WhiteElo "1206"]
[BlackElo "1437"]
[Opening "Queen's pawn game"]
[ECO "D02"]
[Time "17:21:53"]
[TimeControl "2700+45"]

1. d4 d5 2. Nf3 c6 3. Bf4 Bf5 4. e3 e6 5. Nbd2 Nf6 6. c3 Be7 7. Be2 Nbd7 8. O-O
O-O 9. h3 c5 10. Ne5 cxd4 11. exd4 Nxe5 12. dxe5 Ne4 13. Nxe4 Bxe4 14. Bf3 Bxf3
15. Qxf3 Qb6 16. b3 Rac8 17. Rad1 Qc7 18. Rd3 g6 19. Rc1 Qa5 20. Rc2 b5 21. Bd2
Qc7 22. Be3 Qxe5 23. Bxa7 Qe1+ 24. Kh2 Bd6+ 25. g3 b4 26. Be3 bxc3 27. Rd1 Bxg3+
28. fxg3 Qd2+ 29. Bxd2 cxd2 30. Rdxd2 {Black resigns} 1-0

[Event "Team 45 45 League T42"]
[Site "Internet Chess Club"]
[Date "2009.07.30"]
[Round "1"]
[White "rubo"]
[Black "fishhead"]
[Result "0-1"]
[WhiteElo "1702"]
[BlackElo "1840"]
[Opening "Bird's opening"]
[ECO "A02"]
[Time "23:00:12"]
[TimeControl "2700+45"]

1. f4 Nf6 2. Nf3 g6 3. b3 Bg7 4. Bb2 d6 5. e3 c6 6. Be2 Nbd7 7. O-O O-O 8. c4
Qc7 9. Na3 e5 10. fxe5 dxe5 11. Qc2 Re8 12. c5 Nd5 13. Ng5 N7f6 14. Qc4 h6 15.
Ne4 Nxe4 16. Qxe4 f5 17. Qh4 e4 18. Bxg7 Kxg7 19. Nc4 Be6 20. Nd6 Re7 21. Qg3
Kh7 22. Bc4 b6 23. cxb6 axb6 24. Bxd5 Bxd5 25. Rfc1 Rd8 26. Nc4 Qxg3 27. hxg3
Rb8 28. Kf2 Kg7 29. Rc2 Kf6 30. Nb2 b5 31. Nd1 Ra7 32. Rcc1 Rba8 33. Rcb1 Ra3
34. Nc3 Bxb3 35. Ne2 Bxa2 36. Rc1 Bd5 37. Rxa3 Rxa3 38. Nd4 Ra6 39. Rc5 Ke5 40.
Nc2 Kd6 41. Nb4 Ra4 42. Rxd5+ cxd5 43. Nc2 Ra2 44. Nd4 Rxd2+ 45. Ke1 Rxd4 46.
exd4 b4 47. Kd2 b3 48. Kc3 e3 {White resigns} 0-1

[Event "Team 45 45 League T42"]
[Site "Internet Chess Club"]
[Date "2009.08.01"]
[Round "1"]
[White "isolani"]
[Black "rayngrant"]
[Result "1-0"]
[WhiteElo "1519"]
[BlackElo "1576"]
[Opening "King's Indian: fianchetto without c4"]
[ECO "A49"]
[Time "20:00:54"]
[TimeControl "2700+45"]

1. Nf3 Nf6 2. d4 g6 3. g3 Bg7 4. Bg2 d5 5. O-O O-O 6. Nbd2 c5 7. c4 cxd4 8. Nxd4
e5 9. Nb5 a6 10. Nc3 e4 11. Nxd5 Nxd5 12. cxd5 Qxd5 13. Bxe4 Qc5 14. Nb3 Qh5 15.
Bf3 Qe5 16. Qd5 Nc6 17. Qxe5 Nxe5 18. Bg2 Nc4 19. Rb1 Re8 20. Re1 Ra7 21. Nc5 b5
22. b3 Nd6 23. e4 Nb7 24. Be3 Nxc5 25. Bxc5 Rc7 26. b4 Be6 27. a3 Bc4 28. Rbd1
a5 29. e5 axb4 30. axb4 Bf8 31. Bd6 Bxd6 32. exd6 Rxe1+ 33. Rxe1 Rd7 34. Rd1 Kf8
35. Bc6 Rd8 36. f4 f5 37. Kf2 Kf7 38. Ke3 Ke6 39. d7 Ke7 40. Kd4 Be6 41. Kc5
Bxd7 42. Bxd7 Rxd7 43. Re1+ Kd8 44. Kxb5 Rd6 45. Kc5 Kd7 46. b5 h5 47. b6 Rc6+
48. Kb5 Rc2 49. Ka6 Ra2+ 50. Kb7 Rxh2 51. Rd1+ Ke7 52. Kb8 Rg2 53. b7 Rxg3 54.
Ra1 Rf3 55. Ka8 {Black resigns} 1-0

[Event "Team 45 45 League T42"]
[Site "Internet Chess Club"]
[Date "2009.07.30"]
[Round "1"]
[White "smsxman"]
[Black "SpeedBlade"]
[Result "0-1"]
[WhiteElo "1489"]
[BlackElo "1424"]
[Opening "Caro-Kann: exchange variation"]
[ECO "B13"]
[Time "12:00:49"]
[TimeControl "2700+45"]

1. e4 c6 2. d4 d5 3. exd5 cxd5 4. Nc3 Nf6 5. Nf3 Nc6 6. Bb5 Bg4 7. O-O e6 8. Qd3
Bxf3 9. Qxf3 Bd6 10. Be3 O-O 11. Rfe1 Rc8 12. a3 a6 13. Bd3 b5 14. Bg5 Nxd4 15.
Qh3 h6 16. Bh4 a5 17. Bg3 b4 18. axb4 axb4 19. Bxd6 Qxd6 20. Nb5 Nxb5 21. Bxb5
Rxc2 22. Qb3 Rfc8 23. Bd3 Rd2 24. Rac1 Rxc1 25. Rxc1 Kf8 26. h3 Qf4 27. Rf1 Ne4
28. Bxe4 Qxe4 29. Ra1 Qd4 30. Qg3 Rd1+ 31. Rxd1 Qxd1+ 32. Kh2 Qd4 33. b3 Qc5 34.
Qh4 Qd6+ 35. f4 d4 36. Kg1 d3 37. Qe1 f6 38. g3 d2 39. Qd1 Qd4+ 40. Kf1 Qd3+ 41.
Kf2 Ke7 42. h4 e5 43. fxe5 fxe5 44. h5 e4 45. g4 e3+ 46. Kf3 e2+ {White resigns}
0-1

[Event "Team 45 45 League T42"]
[Site "Internet Chess Club"]
[Date "2009.07.30"]
[Round "1"]
[White "joshtournman"]
[Black "nobull"]
[Result "1-0"]
[WhiteElo "1518"]
[BlackElo "1438"]
[Opening "Petrov: Italian variation"]
[ECO "C42"]
[Time "19:00:03"]
[TimeControl "2700+45"]

1. e4 e5 2. Nf3 Nf6 3. Bc4 Be7 4. Nc3 c6 5. Nxe5 O-O 6. O-O d6 7. Nf3 Bg4 8. d4
Qb6 9. Rb1 Bxf3 10. gxf3 Qa5 11. Kh1 Qh5 12. Rg1 Nbd7 13. Rg5 Qh4 14. Qg1 Nh5
15. Rg4 Qf6 16. Be2 g6 17. Bg5 Qe6 18. Bxe7 Qxe7 19. f4 Ndf6 20. Rh4 Kh8 21.
Bxh5 Nxh5 22. Qg5 f6 23. Qh6 f5 24. Qg5 Qg7 25. e5 dxe5 26. dxe5 Qg8 27. Rd1
Rad8 28. Rxd8 Rxd8 29. Rxh5 gxh5 30. Qf6+ {Black resigns} 1-0

[Event "Team 45 45 League T42"]
[Site "Internet Chess Club"]
[Date "2009.08.01"]
[Round "1"]
[White "TheronUAL"]
[Black "quaksterjohny"]
[Result "0-1"]
[WhiteElo "1461"]
[BlackElo "1523"]
[Opening "Caro-Kann defense"]
[ECO "B11"]
[Time "19:08:23"]
[TimeControl "2700+45"]

1. e4 c6 2. Nc3 d5 3. exd5 cxd5 4. d4 Nf6 5. Nf3 Bf5 6. Bb5+ Nc6 7. Ne5 Qb6 8.
a4 a6 9. Nxc6 axb5 10. Ne5 bxa4 11. Nxa4 Qc7 12. c3 b5 13. Bf4 Qa5 14. Nc6 Qa6
15. Nb4 Qe6+ 16. Be5 bxa4 17. Rxa4 Rxa4 18. Qxa4+ Qd7 19. Qa5 e6 20. O-O Be7 21.
Ra1 O-O 22. Qb6 Bd8 23. Qd6 Qb7 24. Qb8 Qxb8 25. Bxb8 Be7 26. Nc6 Bd8 27. Bd6
Re8 28. Ra8 Bb6 29. Ne7+ Kh8 30. Rc8 Rxc8 31. Nxc8 Ne4 32. Bb4 Bc7 33. f3 Nf6
34. Nd6 Kg8 35. Bc5 Bd3 36. b4 Nd7 37. Nb7 Ba6 38. Na5 Nxc5 39. dxc5 Bxa5 40.
bxa5 Kf8 41. Kf2 Ke7 42. Ke3 Kd7 43. Kd4 Kc6 44. g3 f6 45. f4 Bc8 46. c4 dxc4
47. Kxc4 e5 48. fxe5 fxe5 49. h4 Ba6+ 50. Kc3 Kxc5 {White resigns} 0-1

[Event "Team 45 45 League T42"]
[Site "Internet Chess Club"]
[Date "2009.07.30"]
[Round "1"]
[White "Walker42"]
[Black "achessfool"]
[Result "0-1"]
[WhiteElo "1630"]
[BlackElo "1494"]
[Opening "French: Steinitz, Boleslavsky variation"]
[ECO "C11"]
[Time "17:01:59"]
[TimeControl "2700+45"]

1. e4 e6 2. d4 d5 3. Nc3 Nf6 4. e5 Nfd7 5. f4 c5 6. Nf3 Nc6 7. Be3 Qb6 8. Na4
Qa5+ 9. c3 cxd4 10. Nxd4 Nxd4 11. Bxd4 b5 12. b4 Qxa4 13. Qg4 Qc2 14. Bxb5 Qf5
15. Qg3 g6 16. Bd3 Qh5 17. f5 Qh6 18. Be3 Qh5 19. O-O gxf5 20. Rae1 Qg6 21. Qh4
Rg8 22. Rf2 Qg4 23. Qxh7 Nxe5 24. Be2 Qg7 25. Qh4 Ng4 26. Bd4 Qh6 27. Qg3 Qg6
28. Qc7 Bd7 29. Qb7 Rd8 30. Bb5 Nxf2 31. Bxd7+ Rxd7 32. Qc8+ Ke7 33. Qc5+ Kd8
34. Qa5+ Rc7 35. g3 Nh3+ 36. Kh1 Bd6 37. Re5 Qg4 {White resigns} 0-1

[Event "Team 45 45 League T42"]
[Site "Internet Chess Club"]
[Date "2009.08.03"]
[Round "1"]
[White "Pillsbury57"]
[Black "whale5970"]
[Result "0-1"]
[WhiteElo "1520"]
[BlackElo "1638"]
[Opening "QGD semi-Slav: 5...Nd7"]
[ECO "D45"]
[Time "15:30:08"]
[TimeControl "2700+45"]

1. d4 e6 2. c4 d5 3. Nc3 Nf6 4. e3 Nbd7 5. Nf3 c6 6. c5 b6 7. b4 a5 8. b5 cxb5
9. c6 Nb8 10. Bxb5 Qc7 11. Qa4 Bb4 12. Bd2 O-O 13. O-O Ba6 14. Ne5 Bd6 15. Rfc1
Bxe5 16. dxe5 Qxe5 17. c7 Qxc7 18. Nxd5 Qe5 19. Nxf6+ Qxf6 20. Bxa6 Nxa6 21. Qg4
Rfc8 22. Bc3 Rxc3 23. Rxc3 Qxc3 24. Rd1 Nc5 25. h4 Qf6 26. h5 Rd8 27. Rxd8+ Qxd8
28. h6 Qf6 29. hxg7 Qxg7 30. Qf3 Qa1+ 31. Kh2 Qe5+ 32. Kg1 Qe4 33. Qf6 Qd5 34.
Qe7 Nd3 35. Qh4 Qf5 36. Qg3+ Kf8 37. Qd6+ Kg7 38. Qg3+ Qg6 39. Qc7 e5 40. Qc3
Qf5 41. f3 Qg6 42. f4 Qe4 43. fxe5 Qxe3+ 44. Kh2 Qxe5+ 45. Qxe5+ Nxe5 {White
resigns} 0-1

[Event "Team 45 45 League T42"]
[Site "Internet Chess Club"]
[Date "2009.08.01"]
[Round "1"]
[White "imawesome"]
[Black "BishopMike"]
[Result "0-1"]
[WhiteElo "1454"]
[BlackElo "1438"]
[Opening "Sicilian: Alapin's variation (2.c3)"]
[ECO "B22"]
[Time "09:32:24"]
[TimeControl "2700+45"]

1. e4 c5 2. c3 Nc6 3. d4 cxd4 4. cxd4 d6 5. Bb5 Bd7 6. Nf3 Nf6 7. Nc3 e5 8. Bxc6
bxc6 9. dxe5 dxe5 10. Nxe5 Qa5 11. Nxd7 Nxd7 12. O-O Rd8 13. Be3 Bb4 14. Qc2 O-O
15. a3 Bxc3 16. Qxc3 Qxc3 17. bxc3 Nb6 18. Bxb6 axb6 19. Rfd1 Rxd1+ 20. Rxd1 Ra8
21. Kf1 Kf8 22. Ra1 Ke7 23. Ke2 b5 24. Ke3 Ke6 25. Kd4 Ra4+ 26. Kc5 Rc4+ 27. Kb6
Rxc3 28. a4 bxa4 29. Rxa4 Rc2 30. f4 Rxg2 31. Kxc6 Rxh2 32. Kc7 Ke7 33. Rd4 Rc2+
34. Kb6 h5 35. Rd5 g6 36. Re5+ Kf6 37. Re8 Kg7 38. Re5 h4 39. Rg5 h3 40. Rg3 h2
41. Rh3 f6 42. Kb5 g5 43. fxg5 fxg5 44. e5 g4 45. Rh4 g3 46. Rh3 g2 47. Rxh2
g1=Q 48. Rxc2 Qb1+ 49. Kc6 Qxc2+ 50. Kd5 Kf7 51. e6+ Ke7 52. Ke5 Qc5+ 53. Kf4
Kxe6 54. Ke4 Qd5+ 55. Kf4 Qe5+ 56. Kf3 Kf5 57. Kf2 Kf4 58. Kg2 Qe3 59. Kf1 Qa3
60. Ke2 Ke4 61. Kd2 Qh3 62. Kc2 Kd4 63. Kb2 Kc4 64. Ka2 Kb4 65. Kb2 Qh2+ 66. Kc1
Kc3 67. Kd1 Qd2# {White checkmated} 0-1

[Event "Team 45 45 League T42"]
[Site "Internet Chess Club"]
[Date "2009.08.03"]
[Round "1"]
[White "Campagnolo"]
[Black "eurander"]
[Result "1/2-1/2"]
[WhiteElo "2052"]
[BlackElo "2221"]
[Opening "Réti: King's Indian attack, Yugoslav variation"]
[ECO "A07"]
[Time "05:02:48"]
[TimeControl "2700+45"]

1. Nf3 d5 2. g3 Nf6 3. Bg2 c6 4. O-O Bg4 5. c4 e6 6. d3 dxc4 7. dxc4 Qxd1 8.
Rxd1 Bc5 9. Nc3 a5 10. Bf4 Nbd7 11. a3 a4 12. Rd2 Ke7 13. Rad1 h6 14. Ne5 Nxe5
15. Bxe5 Bf5 16. Bxf6+ Kxf6 17. Ne4+ Bxe4 18. Bxe4 Bb6 19. Rd7 Rhd8 20. R1d3
Rxd7 21. Rxd7 Ra7 22. Kg2 Bc5 23. Kf3 b5 24. Rxa7 Bxa7 25. Bxc6 bxc4 26. Bxa4
Bd4 27. Bb5 Bxb2 28. Bxc4 Bxa3 {Game drawn by mutual agreement} 1/2-1/2